 Dungeon Crawl Stone Soup version 0.22-a0-283-g1871b15 (webtiles) character file.

34862 tilp the Frost Mage (level 13, -15/103 HPs)
             Began as a Merfolk Ice Elementalist on Mar 18, 2018.
             Was a High Priest of Makhleb.
             Killed from afar by an ice dragon (63 damage)
             ... with a blast of cold
             ... on level 4 of the Lair of Beasts.
             The game lasted 01:27:44 (24242 turns).

tilp the Frost Mage (Merfolk Ice Elementalist)     Turns: 24242, Time: 01:27:44

Health: -15/103    AC: 15    Str:  9    XL:     13   Next: 80%
Magic:  25/25      EV: 20    Int: 22    God:    Makhleb [*****.]
Gold:   1103       SH:  0    Dex: 15    Spells: 16/28 levels left

rFire    . . .     SeeInvis .   U - +8 whip "Snakebite" {curare, rPois}
rCold    . . .     Gourm    .   (no shield)
rNeg     + . .     Faith    .   w - +1 robe
rPois    +         Spirit   .   (no helmet)
rElec    .         Reflect  .   (no cloak)
rCorr    .         Harm     .   y - +2 pair of gloves
MR       .....                  (no boots)
Stlth    +++.......             (no amulet)
HPRegen  0.27/turn              h - +4 ring of intelligence
MPRegen  0.19/turn              W - ring of positive energy

@: icy armour, about to teleport, slow
A: change form in water, swift swim, stealthy swim
a: Minor Destruction, Lesser Servant of Makhleb, Major Destruction, Greater
Servant of Makhleb, Renounce Religion


You were on level 4 of the Lair of Beasts.
You worshipped Makhleb.
Makhleb was extremely pleased with you.
You were not hungry.

You visited 4 branches of the dungeon, and saw 18 of its levels.

You collected 1103 gold pieces.

Inventory:

Hand Weapons
 a - a +2 short sword of electrocution
 b - a +1 hand axe of flaming
 f - a +0 halberd
 D - a +0 trident
 U - the +8 whip "Snakebite" (weapon) {curare, rPois}
   (You found it on level 3 of the Lair of Beasts)

   It poisons the flesh of those it strikes.
   It protects you from poison.
 V - the +6 mace of Gloom {freeze, MP+9}
   (You found it on level 1 of the Lair of Beasts)

   It has been specially enchanted to freeze those struck by it, causing extra
   injury to most foes and up to half again as much damage against particularly
   susceptible opponents.
   It can also slow down cold-blooded creatures.
   It affects your magic capacity (+9).
Missiles
 x - 28 tomahawks (quivered)
Armour
 w - a +1 robe (worn)
 y - a +2 pair of gloves (worn)
 O - the cursed +1 ring mail of the Evening Star {+Inv MR+ rCorr Str-2, unknown}
   (You found it on level 2 of the Lair of Beasts)

   It affects your strength (-2).
   It affects your resistance to hostile enchantments.
   It lets you turn invisible.
   It protects you from acid and corrosion.
   It has a curse placed upon it.
Jewellery
 h - a +4 ring of intelligence (left hand)
 u - an uncursed ring of resist corrosion {unknown}
 I - the ring of Seecry {Fire *Corrode +Blink rN+ Str+7}
   (You found it on level 6 of the Dungeon)

   [ring of fire]

   It enhances your fire magic.
   It affects your strength (+7).
   It protects you from fire.
   It makes you vulnerable to cold.
   It protects you from negative energy.
   It lets you blink.
   It may corrode you when you take damage.
 N - an uncursed ring of poison resistance
 W - a ring of positive energy (right hand)
Wands
 g - a wand of digging (11)
 z - a wand of paralysis (18)
 J - a wand of disintegration (13)
 P - a wand of flame (14)
 Q - a wand of polymorph (16)
 R - a wand of clouds (5)
 Y - a wand of iceblast (7)
Scrolls
 d - a scroll of random uselessness {unknown}
 i - 3 scrolls of fog
 j - 4 scrolls of fear
 m - 6 scrolls of remove curse
 o - 5 scrolls of enchant weapon
 p - 2 scrolls of teleportation
 s - 2 scrolls of amnesia {unknown}
 C - 3 scrolls of magic mapping
 F - 4 scrolls of enchant armour
 K - 6 scrolls of immolation
 M - 3 scrolls of noise {unknown}
 S - a scroll of blinking {unknown}
 T - 2 scrolls of vulnerability {unknown}
Potions
 e - 2 potions of cancellation
 k - 5 potions of lignification {unknown}
 l - 3 potions of mutation {unknown}
 n - 2 potions of magic {unknown}
 q - 4 potions of might
 r - 8 potions of curing
 v - a potion of invisibility {unknown}
 A - a potion of brilliance {unknown}
 B - 3 potions of haste {unknown}
 E - 2 potions of heal wounds
 G - 3 potions of flight {unknown}
 H - 2 potions of resistance {unknown}
 L - 2 potions of agility {unknown}
Miscellaneous
 X - a fan of gales
 Z - a phantom mirror
Comestibles
 c - 33 rations


   Skills:
 - Level 10.0 Fighting
 - Level 12.0 Dodging
 - Level 4.2 Stealth
 - Level 8.0 Spellcasting
 - Level 4.0 Conjurations
 - Level 6.0 Charms
 + Level 14.7 Ice Magic
 - Level 6.0 Invocations
 - Level 5.4 Evocations


You had 16 spell levels left.
You knew the following spells:

 Your Spells              Type           Power        Failure   Level  Hunger
a - Freeze                Ice            ####         1%          1    None
b - Throw Frost           Conj/Ice       #####.       1%          2    None
c - Ozocubu's Armour      Chrm/Ice       ######..     1%          3    None
d - Throw Icicle          Conj/Ice       #####...     1%          4    ###....
e - Animate Skeleton      Necr           N/A          8%          1    None
f - Apportation           Tloc           #.....       8%          1    None


Dungeon Overview and Level Annotations

Branches:
Dungeon (11/15)            Temple (1/1) D:7            Lair (4/6) D:11
 Shoals (0/4) Lair:3       Spider (0/4) Lair:2          Orc (2/2) D:9
    Elf (0/3) Orc:2

Altars:
Ashenzari
Cheibriados
Dithmenos
Elyvilon
Hepliaklqana
Makhleb
Nemelex Xobeh
Sif Muna
Wu Jian
Xom
Zin
The Shining One

Shops:
Orc:1 (

Annotations:
D:11 Pawles22's ghost, journeyman NaTm
Orc:2 Xenophilius's ghost, journeyman DrFE


Message History

The ice dragon is moderately wounded.
The ice dragon bites you!
The ice dragon claws you but does no damage.
The ice dragon tramples you but does no damage.
Unknown command.
You hit the ice dragon but do no damage.
The ice dragon is lightly wounded.
The ice dragon completely misses you. The ice dragon claws you.
The ice dragon completely misses you.
Unknown command.
You barely miss the ice dragon.
The ice dragon is lightly wounded.
The ice dragon closely misses you. The ice dragon claws you.
The ice dragon tramples you!
You stumble backwards!
As you read the scroll of teleportation, it crumbles to dust.
You feel strangely unstable. The ice dragon breathes frost at you.
The blast of cold hits you!
Ouch! That really hurt!
You die...

#######..##..###
########.#.P##......#
###.##............##..#
####...≈≈...#.≈≈≈≈...#...##
#.....≈≈≈≈≈..≈≈#≈≈≈≈..#...##
##....#≈≈≈≈≈≈≈≈≈###≈≈≈.#..###
##..≈≈...≈≈#≈≈#≈## #≈≈≈...## #
#...≈≈≈..≈####### $#≈≈.....#
##.#.≈≈≈8≈≈##@D.#.%#≈...#..#
#.....≈≈≈≈≈#..#..$$#≈.#.÷.##
##.####.≈≈≈##.≈#..≈##≈≈...÷##
#P.###.≈≈≈≈#≈######≈≈≈≈..#..###
#......≈≈##≈≈≈#####≈≈≈≈≈....#.#
###..##.≈≈≈.≈≈≈≈...≈≈≈≈≈≈≈.....#
##...##...≈≈≈#≈≈≈....≈≈≈≈≈..#..#.
.....##P##.≈≈≈≈≈≈..⌠...≈≈≈#.##..#
.#P..#####..≈≈≈..................


You could see an ice dragon.

Vanquished Creatures
  Erolcha (D:11)
  5 hydras
  3 two-headed ogres
  The ghost of darksquall the Basher, a novice FoFi of Elyvilon (D:6)
  An unseen horror (D:10)
  Pikel (D:7)
  An orc sorcerer (Orc:1)
  3 elephants
  3 black mambas
  A cyclops (D:11)
  Psyche (D:10)
  3 komodo dragons
  9 spiny frogs
  2 rime drakes
  A jumping spider (Lair:2)
  A polar bear (Lair:4)
  4 trolls
  Prince Ribbit (D:7)
  6 hippogriffs
  4 blink frogs (Lair:4)
  6 dream sheep (Lair:4)
  Sigmund (D:4)
  A redback (Lair:2)
  23 yaks
  4 hogs (D:7)
  A wyvern (D:8)
  A steam dragon (D:8)
  Eustachio (D:4)
  A hungry ghost (D:10)
  A human (D:7)
  3 swamp worms (Lair:1)
  16 water moccasins
  4 wargs
  Menkaure (D:7)
  An acid dragon (D:10)
  A soldier ant (D:10)
  5 orc warriors
  5 porcupines
  6 sky beasts
  A slave (D:7)
  4 ice beasts
  7 black bears
  A phantom (D:8)
  A hornet zombie (D:8)
  7 ogres
  5 centaurs
  12 crocodiles
  3 big kobolds
  19 bullfrogs
  A wyvern zombie (D:7)
  6 scorpions
  A wyvern skeleton (D:9)
  A wight (D:9)
  4 howler monkeys (D:10)
  An electric eel (Lair:3)
  5 crimson imps
  8 hounds
  6 orc priests
  A centaur skeleton (D:8)
  5 orc wizards
  A bullfrog skeleton (D:11)
  5 jellies
  5 iguanas
  9 worker ants
  A killer bee zombie (D:7)
  The ghost of 4thArraOfDagon the Grasshopper, a weakling FoWr of Ru (D:7)
  A mummy (D:5)
  3 worker ant zombies
  6 gnolls
  A howler monkey skeleton (D:11)
  13 adders
  5 shadow imps
  3 white imps (Lair:4)
  An ooze (D:5)
  2 adder skeletons
  2 adder zombies
  17 worms
  2 dart slugs (D:2)
  11 leopard geckos
  42 orcs
  6 giant cockroaches
  9 hobgoblins
  15 jackals
  26 kobolds
  4 quokkas
  2 ball pythons (D:1)
  14 bats
  6 frilled lizards
  8 goblins
  A leopard gecko skeleton (D:4)
  A quokka skeleton (D:9)
  A quokka zombie (D:9)
  10 rats
  2 butterflies
469 creatures vanquished.

Vanquished Creatures (others)
  A leopard gecko zombie (D:6)
  13 fungi
  9 plants
23 creatures vanquished.

Grand Total: 492 creatures vanquished

Notes
Turn   | Place    | Note
-------+----------+-------------------------------------------
     0 | D:1      | tilp the Merfolk Ice Elementalist began the quest for the Orb.
     0 | D:1      | Reached XP level 1. HP: 13/13 MP: 3/3
   125 | D:1      | Reached XP level 2. HP: 5/19 MP: 5/5
   375 | D:1      | Reached skill level 4 in Ice Magic
   632 | D:1      | Learned a level 2 spell: Throw Frost
   832 | D:1      | Reached XP level 3. HP: 24/24 MP: 4/6
   925 | D:1      | Learned a level 3 spell: Ozocubu's Armour
  1472 | D:2      | Reached skill level 5 in Ice Magic
  1737 | D:2      | Reached XP level 4. HP: 22/30 MP: 2/7
  1826 | D:2      | Found a shadowy altar of Dithmenos.
  3139 | D:3      | Reached skill level 6 in Ice Magic
  3139 | D:3      | Reached XP level 5. HP: 35/35 MP: 2/8
  3498 | D:3      | Found a glowing golden altar of the Shining One.
  3542 | D:4      | Noticed Eustachio
  3753 | D:4      | Reached skill level 7 in Ice Magic
  3753 | D:4      | Reached XP level 6. HP: 40/41 MP: 4/9
  3776 | D:4      | Killed Eustachio
  3883 | D:4      | Reached XP level 7. HP: 51/51 MP: 2/10
  3927 | D:4      | Found a sparkling altar of Nemelex Xobeh.
  4022 | D:4      | Noticed Sigmund
  4540 | D:5      | Entered Level 5 of the Dungeon
  4949 | D:5      | Reached skill level 5 in Dodging
  5085 | D:5      | Reached XP level 8. HP: 55/61 MP: 9/11
  5389 | D:5      | Noticed a two-headed ogre
  5811 | D:5      | Found a snail-covered altar of Cheibriados.
  6105 | D:6      | Reached skill level 1 in Conjurations
  6163 | D:6      | Noticed darksquall's ghost (novice FoFi)
  6346 | D:6      | Found a white marble altar of Elyvilon.
  6547 | D:6      | Reached skill level 1 in Evocations
  6567 | D:6      | Found a white marble altar of Elyvilon.
  6819 | D:6      | Got a wavering platinum ring
  6892 | D:6      | Killed darksquall's ghost
  6892 | D:6      | Reached skill level 5 in Evocations
  6892 | D:6      | Reached XP level 9. HP: 42/66 MP: 4/15
  7325 | D:6      | Identified the ring of Seecry {Fire *Corrode +Blink rN+ Str+7} (You found it on level 6 of the Dungeon)
  7345 | D:6      | Learned a level 4 spell: Throw Icicle
  7789 | D:7      | Noticed 4thArraOfDagon's ghost (weakling FoWr)
  7798 | D:7      | Killed 4thArraOfDagon's ghost
  7855 | D:7      | Reached skill level 8 in Ice Magic
  8092 | D:7      | Noticed Menkaure
  8098 | D:7      | Killed Menkaure
  8112 | D:7      | Found a deep blue altar of Sif Muna.
  8118 | D:7      | Noticed Prince Ribbit
  8146 | D:7      | Killed Prince Ribbit
  8146 | D:7      | Reached skill level 9 in Ice Magic
  8371 | D:7      | Found a glowing silver altar of Zin.
  8371 | D:7      | Found a shimmering altar of Xom.
  8371 | D:7      | Found a hazy altar of Hepliaklqana.
  8644 | D:7      | Found a staircase to the Ecumenical Temple.
  8652 | Temple   | Entered the Ecumenical Temple
  8691 | Temple   | Became a worshipper of Makhleb the Destroyer
  8808 | D:7      | Learned a level 1 spell: Animate Skeleton
  8810 | D:7      | Learned a level 1 spell: Apportation
  8878 | D:7      | Reached skill level 10 in Ice Magic
  8946 | D:7      | Reached XP level 10. HP: 69/73 MP: 16/16
  9001 | D:7      | Reached skill level 5 in Fighting
  9280 | D:7      | Noticed Pikel
  9294 | D:7      | Killed Pikel
  9667 | D:8      | Reached * piety under Makhleb
 10853 | D:9      | Reached skill level 5 in Invocations
 11021 | D:9      | Found a sparkling altar of Nemelex Xobeh.
 11096 | D:9      | Reached XP level 11. HP: 55/84 MP: 16/18
 11155 | D:9      | Reached skill level 5 in Spellcasting
 11237 | D:9      | Noticed a two-headed ogre
 11252 | D:9      | Noticed a two-headed ogre
 11279 | D:9      | Killed a two-headed ogre
 11318 | D:9      | Found a hazy altar of Hepliaklqana.
 11406 | D:9      | Noticed a two-headed ogre
 11425 | D:9      | Killed a two-headed ogre
 11635 | D:9      | Reached ** piety under Makhleb
 11773 | D:9      | Found a staircase to the Orcish Mines.
 11877 | D:9      | Found an ornate altar of the Wu Jian Council.
 12165 | D:4      | Killed Sigmund
 12277 | D:5      | Killed a two-headed ogre
 12277 | D:5      | Reached skill level 11 in Ice Magic
 12650 | D:10     | Entered Level 10 of the Dungeon
 12768 | D:10     | Noticed Psyche
 13032 | D:10     | Killed Psyche
 13221 | D:10     | Reached skill level 12 in Ice Magic
 13361 | D:10     | Killed an unseen horror
 13361 | D:10     | Reached *** piety under Makhleb
 14153 | D:11     | Noticed Pawles22's ghost (journeyman NaTm)
 14219 | D:11     | Noticed a five-headed hydra
 14369 | D:11     | Killed a one-headed hydra
 14369 | D:11     | Reached skill level 13 in Ice Magic
 14557 | D:10     | Reached XP level 12. HP: 91/91 MP: 15/21
 14728 | D:11     | Noticed a seven-headed hydra
 14736 | D:11     | Killed a six-headed hydra
 15211 | D:10     | Reached skill level 14 in Ice Magic
 15357 | D:11     | Noticed Erolcha
 15432 | D:11     | Killed Erolcha
 15701 | D:11     | Found a staircase to the Lair.
 16007 | Lair:1   | Entered Level 1 of the Lair of Beasts
 16359 | Lair:1   | Reached **** piety under Makhleb
 16359 | Lair:1   | Reached skill level 10 in Fighting
 16558 | Lair:1   | Got a smoking dagger
 17768 | Lair:1   | Got a shimmering mace
 18091 | Lair:1   | Identified the +6 mace of Gloom {freeze, MP+9} (You found it on level 1 of the Lair of Beasts)
 18092 | Lair:1   | Identified the +8 dagger "Ogrebane" {vamp, rElec rF- Str+3} (You found it on level 1 of the Lair of Beasts)
 18226 | Lair:1   | Reached skill level 10 in Dodging
 18629 | Orc:1    | Entered Level 1 of the Orcish Mines
 18629 | Orc:1    | Found Jegom's Antique Weapon Shoppe.
 19016 | Orc:1    | Paralysed by an orc sorcerer for 3 turns
 19018 | Orc:1    | Noticed a soul eater
 19958 | Orc:2    | Entered Level 2 of the Orcish Mines
 19958 | Orc:2    | Noticed an orc high priest
 19958 | Orc:2    | Noticed Xenophilius's ghost (journeyman DrFE)
 19993 | Orc:2    | Found a staircase to the Elven Halls.
 20119 | Lair:2   | Got a polished ring mail
 20353 | Lair:2   | Reached XP level 13. HP: 80/103 MP: 1/22
 20838 | Lair:2   | Found a hole to the Spider Nest.
 21483 | Lair:3   | Found a staircase to the Shoals.
 21900 | Lair:3   | Found the +8 whip "Snakebite" {curare, rPois}
 22010 | Lair:3   | Reached ***** piety under Makhleb
 22042 | Lair:3   | Reached skill level 5 in Charms
 24233 | Lair:4   | Noticed an ice dragon
 24242 | Lair:4   | Killed from afar by an ice dragon

Vault maps used:
D:1:      dpeg_arrival_shrine, minmay_vboxes
D:2:      nicolae_dithmenos_through_a_glass_darkly, minmay_heptomino_w4
D:3:      tso_altar
D:4:      nemelex_lonely_heart_becter, uniq_sigmund, uniq_eustachio
D:5:      slow_altar_2, first_ration
D:6:      kennysheep_little_box, elyvilon_altar_4
D:7:      grunt_temple_overflow_open, minmay_temple_entry_nine_rooms,
          minmay_misc_feat_plants, grunt_livestock, serial_bayou_crossing,
          uniq_pikel, uniq_menkaure, uniq_prince_ribbit1
D:8:      hangedman_abyss_or_decor_stagger, minmay_misc_feat_pillars
D:9:      nemelex_xobeh_ov_fountains_minmay, marbit_many_paths, orc_0_dummy,
          serial_bayou_pond_a, minmay_ruined_shrine
D:10:     kennysheep_small_square, uniq_psyche
D:11:     grunt_lair_entry_orc_guard_hut, uniq_erolcha
Temple:   minmay_temple_forest_path
Lair:1:   worms_lemuel, serial_bayou_shore_b
Lair:2:   spider_nest_entry_a, st_stairs_10
Lair:3:   minmay_guarded_unrand_snakebite, shoals_dummy_entry, st_stairs_10,
          beast_lair_carwin_6, infiniplex_staircase_pool, lemuel_fruit_fields
Lair:4:   bobbens_ice_dragon_lair, lemuel_fruit_tree, lemuel_fruit_fields,
          grunt_megastairs_2
Orc:1:    serial_shops, nicolae_shop_waterfront
Orc:2:    grunt_orc_tribal_feast

Skill      XL: |  1  2  3  4  5  6  7  8  9 10 11 12 13 |
---------------+----------------------------------------+-----
Ice Magic      | 4 5 6 7 10 13 14 | 14.7
Charms         | 3 6 |  6.0
Fighting       | 2 4 7 10 | 10.0
Dodging        | 6 8 12 | 12.0
Stealth        | 4 |  4.2
Spellcasting   | 4 6 8 |  8.0
Conjurations   | 2 4 |  4.0
Evocations     | 5 |  5.4
Invocations    | 6 |  6.0

Action                   |  1- 3 |  4- 6 |  7- 9 | 10-12 | 13-15 || total
-------------------------+-------+-------+-------+-------+-------++-------
Melee: Spear             |    60 |    20 |       |       |       ||    80
       Short sword       |       |    63 |   195 |   579 |       ||   837
       Hand axe          |       |       |   102 |    29 |       ||   131
       Dagger            |       |       |       |   167 |    88 ||   255
       Tailslap          |       |       |       |     1 |     1 ||     2
       Whip              |       |       |       |       |   213 ||   213
Throw: Stone             |     1 |     5 |     1 |       |       ||     7
       Tomahawk          |       |     4 |    23 |     5 |     6 ||    38
 Cast: Freeze            |    51 |    60 |    91 |   217 |    39 ||   458
       Ozocubu's Armour  |     1 |    10 |    34 |    87 |    26 ||   158
       Throw Frost       |       |     4 |    21 |   104 |     6 ||   135
       Throw Icicle      |       |       |       |    60 |    41 ||   101
Evoke: Wand              |       |       |       |     8 |     2 ||    10
  Use: Scroll            |       |     5 |     3 |     8 |     2 ||    18
       Potion            |       |       |       |     4 |       ||     4
 Stab: Sleeping          |     9 |     3 |    12 |    11 |     7 ||    42
       Paralysed         |       |       |       |    12 |       ||    12
       Invisible         |       |       |       |     1 |       ||     1
  Eat: Chunk             |     4 |     7 |    13 |    41 |    14 ||    79
       Ration            |       |     1 |     2 |     3 |     1 ||     7
Armor: Robe              |    12 |    35 |    96 |   288 |    56 ||   487
Dodge: Dodged            |    48 |    70 |   265 |   853 |   266 ||  1502

Table legend:
 A = Spawn XP
 B = Non-spawn XP
 C = Spawn XP percentage of total XP
 D = Spawn monster count
 E = Non-spawn monster count
 F = Spawn count percentage of total count
 G = Total turns spent on level
                    A         B        C        D         E        F      G
               +---------+---------+-------+---------+---------+-------+---------
         Total |       0 |   49803 |   0.0 |       0 |     466 |   0.0 | 24242
               +---------+---------+-------+---------+---------+-------+---------
           D:1 |       0 |      51 |   0.0 |       0 |      34 |   0.0 |  1218
           D:2 |       0 |      66 |   0.0 |       0 |      33 |   0.0 |  1369
           D:3 |       0 |      98 |   0.0 |       0 |      26 |   0.0 |  1123
           D:4 |       0 |     922 |   0.0 |       0 |      15 |   0.0 |   964
           D:5 |       0 |    1860 |   0.0 |       0 |      17 |   0.0 |  1875
           D:6 |       0 |    1496 |   0.0 |       0 |      18 |   0.0 |  1354
           D:7 |       0 |    2918 |   0.0 |       0 |      44 |   0.0 |  2030
           D:8 |       0 |    2176 |   0.0 |       0 |      22 |   0.0 |  1381
           D:9 |       0 |    4041 |   0.0 |       0 |      41 |   0.0 |  1801
          D:10 |       0 |    5435 |   0.0 |       0 |      51 |   0.0 |  2549
          D:11 |       0 |    4864 |   0.0 |       0 |      27 |   0.0 |  1050
        Lair:1 |       0 |    4675 |   0.0 |       0 |      33 |   0.0 |  2333
        Lair:2 |       0 |    5094 |   0.0 |       0 |      18 |   0.0 |  1399
        Lair:3 |       0 |   10098 |   0.0 |       0 |      48 |   0.0 |  1881
        Lair:4 |       0 |    4521 |   0.0 |       0 |      22 |   0.0 |   978
         Orc:1 |       0 |    1488 |   0.0 |       0 |      17 |   0.0 |   871
               +---------+---------+-------+---------+---------+-------+---------
